 Dungeon Crawl Stone Soup version 0.31-a0-232-gb1c03b2570 (webtiles) character file.

Game seed: 10256834591965909305

164 Cidec the Chopper (level 5, -4/51 (57) HPs)
             Began as a Demonspawn Gladiator on July 7, 2023.
             Killed by divine providence
             ... invoked by an orc priest
              (10 damage)
             ... on level 4 of the Dungeon.
             The game lasted 00:06:11 (2564 turns).

Cidec the Chopper (Demonspawn Gladiator)            Turns: 2564, Time: 00:06:12

HP:   -4/51 (57)    AC: 22    Str: 17    XL:     5   Next: 21%
MP:   0/5           EV:  2    Int:  9    God:
Gold: 131           SH:  0    Dex: 14    Spells: 4/4 levels left

rFire   . . .        a - +1 war axe
rCold   . . .        (no shield)
rNeg    . . .        b - melded +0 leather armour
rPois   +            c - melded +0 helmet
rElec   .            h - melded scarf {+Inv}
rCorr   .            m - melded +0 pair of gloves
SInv    .            (boots currently unavailable)
Will    .....        f - amulet of guardian spirit
Stlth   +            (no ring)
HPRegen 0.28/turn    (no ring)
MPRegen 0.09/turn

%: guardian spirit
@: tree-form, heavily drained
A: stationary, stasis, torment immunity, boosted hp, powered by pain 1, demonic
magic 1
a: no special abilities


You were on level 4 of the Dungeon.
You were a tree.
You visited 1 branch of the dungeon, and saw 4 of its levels.

You collected 131 gold pieces.

Inventory:

Hand Weapons
 a - a +1 war axe (weapon)
Missiles
 d - 3 throwing nets (quivered)
 e - a javelin
Armour
 b - a +0 leather armour (melded)
 c - a +0 helmet (melded)
 h - a scarf of invisibility (melded)
 m - a +0 pair of gloves (melded)
Jewellery
 f - an amulet of guardian spirit (around neck)
Potions
 k - a potion of lignification
 l - 2 potions of heal wounds {unknown}
 n - 2 potions of haste {unknown}
 o - a potion of resistance
 p - a potion of curing {unknown}


   Skills:
 - Level 2.0 Fighting
 + Level 5.4 Axes
 - Level 1.7 Throwing
 - Level 2.6 Dodging


You had 4 spell levels left.
You didn't know any spells.
Your spell library was empty.

Dungeon Overview and Level Annotations

Branches:
Dungeon (4/15)
 Temple: D:4-7

Altars:
Kikubaaqudgha


Innate Abilities, Weirdness & Mutations

You are a tree.
Your roots penetrate the ground, keeping you stationary.
You cannot be teleported.
You are immune to unholy pain and torment.
Your maximum health is greatly increased.
Your equipment is partially melded.
You sometimes gain a little power by taking damage.
Spells you cast may paralyse adjacent enemies.


Message History

* * * LOW HITPOINT WARNING * * *
Okay, then.
As you read the scroll of fear, it crumbles to dust.
You assume a fearsome visage.
The orc priest looks frightened! x2
The orc looks frightened!
You feel drained.
You fail to use your ability.
The orc throws a boomerang.
The boomerang hits you.
* * * LOW HITPOINT WARNING * * *
Cornered, the orc priest turns to fight!
The orc throws a boomerang.
The boomerang closely misses you.
The orc throws a boomerang.
The boomerang closely misses you.
You open the door.
The orc throws a boomerang.
The boomerang hits you.
* * * LOW HITPOINT WARNING * * *
There is an open door here.
The orc throws a boomerang.
The boomerang hits you but does no damage.
You aren't carrying any scrolls.
It was a potion of lignification.
You turn into a tree.
Your scarf of invisibility melds into your body.
Your +0 helmet melds into your body.
Your +0 pair of gloves melds into your body.
Your +0 leather armour melds into your body.
Your roots penetrate the ground.
The orc throws a boomerang.
The boomerang hits you but does no damage.
An orc is nearby!
The orc throws a boomerang.
The boomerang hits you but does no damage.
The orc hits you but does no damage. The orc hits you with a +0 flail!
* * * LOW HITPOINT WARNING * * *
The orc hits you but does no damage. The orc hits you but does no damage.
The orc hits you with a +0 flail.
* * * LOW HITPOINT WARNING * * *
The orc hits you but does no damage.
The orc priest invokes the aid of Beogh against you.
Beogh smites you!
You die...

...### o#.[.#
.###.# oo..o##
#####'# ##########
#.# #.o.o...o#
#.###.###.######o#
.......o.....# #o#
....#####.##.# #♣#
...# #.# # #.# #.#
#.# #.# #. #.. ..#
# ### ###


You could see an orc priest and 2 orcs.

Vanquished Creatures
  A hound (D:3)
  Robin (D:2)
  4 adders
  A worm (D:2)
  3 dart slugs
  An orc (D:4)
  5 ball pythons
  5 bats
  5 endoplasms
  2 giant cockroaches (D:1)
  12 goblins
  7 hobgoblins
  5 jackals
  7 kobolds
  4 quokkas
  4 frilled lizards
  3 rats
70 creatures vanquished.

Notes
Turn   | Place    | Note
-------+----------+-------------------------------------------
     0 | D:1      | Cidec the Demonspawn Gladiator began the quest for the Orb.
     0 | D:1      | Reached XP level 1. HP: 16/16 MP: 1/1
   144 | D:1      | Reached skill level 3 in Axes
   214 | D:1      | Gained mutation: Spells you cast may paralyse adjacent
                  | enemies. [demonic ancestry]
   214 | D:1      | Reached XP level 2. HP: 21/22 MP: 2/2
   384 | D:1      | Found a faded altar of an unknown god.
   409 | D:1      | Gained mutation: You sometimes gain a little power by
                  | taking damage. [demonic ancestry]
   409 | D:1      | Reached XP level 3. HP: 27/27 MP: 3/3
   541 | D:1      | Reached skill level 4 in Axes
  1415 | D:2      | Noticed Robin
  1427 | D:2      | Killed Robin
  1428 | D:2      | Reached XP level 4. HP: 30/33 MP: 1/4
  1963 | D:3      | Reached skill level 5 in Axes
  2086 | D:3      | Found an ancient bone altar of Kikubaaqudgha.
  2171 | D:3      | Reached XP level 5. HP: 31/38 MP: 2/5
  2564 | D:4      | Killed from afar by an orc priest

Illustrated notes

Levels and vault maps discovered:
D:1:      doesnt_arrival_eight_statues, layout_basic,
          hellmonk_ecumenical_altar_arch_garden
D:2:      layout_basic, uniq_robin
D:3:      layout_basic, mainiacjoe_overflow_cross_hatched, minmay_goblin_outpost
D:4:      layout_loops_corners, mainiacjoe_overflow_swirl, temple_hall,
          minmay_rat_hole

Skill      XL: |  1  2  3  4 |
---------------+-------------+-----
Axes           | 3 4 5 |  5.4
Fighting       | |  2.0
Throwing       | |  1.7
Dodging        | |  2.6

Action                     |  1- 3 |  4- 6 || total
---------------------------+-------+-------++-------
  Melee: War axe           |   116 |    78 ||   194
         Punch             |     3 |       ||     3
    Use: Scroll            |       |     4 ||     4
         Potion            |       |     1 ||     1
   Stab: Sleeping          |     2 |       ||     2
         Distracted        |     1 |       ||     1
 Armour: Leather armour    |    40 |    28 ||    68
         Skin              |       |     6 ||     6
  Dodge: Dodged            |    81 |    53 ||   134

Table legend: (Time is in decaauts)
 A = Elapsed time spent in this place.
 B = Non-inter-level travel time spent in this place.
 C = Inter-level travel time spent in this place.
 D = Time resting spent in this place.
 E = Time spent auto-exploring this place.
 F = Levels seen in this place.
 G = Mean time per level.
                   A        B        C        D        E       F      G
               +--------+--------+--------+--------+--------+-----+--------+
         Total |   2621 |   2485 |    136 |    175 |   1766 |   4 |  655.2 |
       Dungeon |   2621 |   2485 |    136 |    175 |   1766 |   4 |  655.2 |
               +--------+--------+--------+--------+--------+-----+--------+

Top non-repeatable levels by time:
     D:1: 986 daAuts
     D:2: 906 daAuts
     D:3: 466 daAuts
     D:4: 262 daAuts
